 Dungeon Crawl Stone Soup version 0.31-a0-1301-g7e11add784 (webtiles) character file.

Game seed: 167484210582715784

835 Nattfarinn the Mimic (level 7, -4/57 HPs)
             Began as a Naga Shapeshifter on Dec 19, 2023.
             Slain by an ogre
             ... wielding a +0 giant club
              (27 damage)
             ... on level 5 of the Dungeon.
             The game lasted 00:05:23 (4169 turns).

Nattfarinn the Mimic (Naga Shapeshifter)            Turns: 4169, Time: 00:05:24

Health: -4/57      AC:  4    Str: 18    XL:     7   Next: 99%
Magic:  7/7        EV: 13    Int: 10    God:
Gold:   189        SH:  0    Dex: 11    Spells: 6/6 levels left

rFire   . . .        i - melded +1 short sword (drain)
rCold   . . .        (shield currently unavailable)
rNeg    . . .        a - melded +0 animal skin
rPois   +            j - +0 helmet
rElec   .            m - scarf {repulsion}
rCorr   .            q - +0 pair of gloves
SInv    +            (no barding)
Will    .....        (no amulet)
Stlth   +            (no ring)
HPRegen 0.29/turn    (no ring)
MPRegen 0.10/turn

%: repel missiles
@: flux-form, glowing, very slow
A: glow, contaminating, AC +2, large, see invisible, deformed body, poison
resistance, slowness 2, spit poison 1, naga tail 1
a: Spit Poison, Begin Untransformation


You were on level 5 of the Dungeon.
You were something dangerously unstable.
You visited 1 branch of the dungeon, and saw 5 of its levels.

You collected 189 gold pieces.

Inventory:

Hand Weapons
 e - a +2 whip of electrocution
 i - a +1 short sword of draining (melded)
Armour
 a - a +0 animal skin (melded)
 j - a +0 helmet (worn)
 m - a scarf of repulsion (worn)
 q - a +0 pair of gloves (worn)
Jewellery
 l - an amulet of regeneration
Talismans
 c - a beast talisman
 d - a flux talisman (active)
Wands
 t - a wand of flame (32)
Scrolls
 f - a scroll of acquirement {unknown}
 g - a scroll of immolation {unknown}
 h - a scroll of noise {unknown}
 k - 2 scrolls of blinking {unknown}
 n - 2 scrolls of vulnerability {unknown}
 p - a scroll of identify {unknown}
 r - a scroll of teleportation {unknown}
Potions
 b - 3 potions of lignification
 o - a potion of haste
 s - a potion of heal wounds {unknown}
 u - a potion of ambrosia {unknown}


   Skills:
 + Level 1.3 Fighting
 - Level 1.5 Dodging
 * Level 3.3 Unarmed Combat
 - Level 8.3 Shapeshifting


You had 6 spell levels left.
You didn't know any spells.
Your spell library contained the following spells:

 Spells                   Type           Power      Damage    Failure   Level
 Apportation              Tloc           0%         N/A       36%         1
 Shock                    Conj/Air       0%         1d3       36%         1
 Summon Small Mammal      Summ           0%         N/A       36%         1
 Jinxbite                 Hex            0%         N/A       50%         2
 Lesser Beckoning         Tloc           0%         N/A       50%         2
 Call Canine Familiar     Summ           0%         N/A       75%         3
 Gell's Gravitas          Tloc           0%         N/A       75%         3
 Ignite Poison            Fire/Tmut/Pois 0%         N/A       75%         3
 Summon Guardian Golem    Hex/Summ       0%         N/A       75%         3
 Swiftness                Air            0%         N/A       75%         3
 Teleport Other           Tloc           0%         N/A       75%         3
 Airstrike                Air            0%         2d(0-16)  98%         4
 Sticky Flame             Conj/Fire      0%         2d3       98%         4
 Alistair's Intoxication  Tmut/Pois      0%         N/A       100%        5
 Ignition                 Fire           0%         3d3       100%        8


Dungeon Overview and Level Annotations

Branches:
Dungeon (5/15)
 Temple: D:4-7

Altars:

Annotations:
D:5 2 runed translucent doors


Innate Abilities, Weirdness & Mutations

You are something dangerously unstable.
You glow with magical radiation, making you easy to see and hit.
Foes you strike become dangerously contaminated with magical radiation.
You are incapable of wielding weapons or throwing items.
Your serpentine skin is tough. (AC +2)
You have supernaturally acute eyesight. (SInv)
Armour fits poorly on your strangely shaped body.
Your system is resistant to poisons. (rPois)
You cover ground very slowly.
You can spit poison.
You have a snake-like lower body.


Message History

The howler monkey is moderately wounded.
The howler monkey hits you.
You hit the howler monkey.
The howler monkey shudders as magic cascades through it.
The howler monkey twists and deforms.
The howler monkey is severely wounded.
The howler monkey hits you.
You closely miss the howler monkey.
The howler monkey is severely wounded.
The howler monkey hits you. x2
You closely miss the howler monkey.
The howler monkey is severely wounded.
The howler monkey hoots and howls with incredible vigour!
You hit the howler monkey.
The howler monkey begins to glow.
The howler monkey is almost dead.
The howler monkey hits you.
You hit the howler monkey.
You kill the howler monkey!
HP restored.
Found a stone staircase leading up.
An ogre comes into view. It is wielding a +0 giant club.
The ogre shouts!
An ogre is nearby!
You hit the ogre.
The ogre begins to glow.
The ogre is lightly wounded.
You barely miss the ogre.
The ogre is lightly wounded.
The ogre hits you with a +0 giant club!!
Ouch! That really hurt!
You hit the ogre.
The ogre glows dangerously bright.
The ogre is moderately wounded.
The ogre closely misses you.
You hit the ogre.
The ogre shudders as magic cascades through it!
The ogre twists and deforms.
The ogre is severely wounded.
You hit the ogre.
The ogre begins to glow.
The ogre is almost dead.
The ogre hits you with a +0 giant club!!
You die...

#...... .##
...... ...# .
..... ..... ..
##...##.....
...#.....#.....
.............
#....O..# ###
#...p.# ..<.
#.###.###..#
#......#
#.....##
.#######.....#
.............#
#..#####.....#
. #.# #.....#
8+8 #.# #.....#


You could see an ogre (contam, misshapen).

Vanquished Creatures
  Pikel (D:4)
  A black bear (D:4)
  A phantom (D:4)
  A howler monkey (D:5)
  Jessica (D:3)
  8 adders
  A worm (D:3)
  3 dart slugs
  3 orcs (D:3)
  5 ball pythons
  6 endoplasms
  5 giant cockroaches
  9 hobgoblins
  4 jackals (D:4)
  3 quokkas
  5 bats
  14 frilled lizards
  5 goblins
  13 kobolds
  2 rats
91 creatures vanquished.

Notes
Turn   | Place    | Note
-------+----------+-------------------------------------------
     0 | D:1      | Nattfarinn the Naga Shapeshifter began the quest for the
                  | Orb.
     0 | D:1      | Reached XP level 1. HP: 18/18 MP: 1/1
   298 | D:1      | Reached XP level 2. HP: 25/25 MP: 2/2
   804 | D:1      | Reached XP level 3. HP: 31/31 MP: 3/3
   817 | D:1      | Reached skill level 4 in Shapeshifting
  1318 | D:2      | Reached XP level 4. HP: 38/38 MP: 4/4
  1722 | D:2      | Found a faded altar of an unknown god.
  1890 | D:3      | Noticed Jessica
  1898 | D:3      | Killed Jessica
  1899 | D:3      | Reached skill level 5 in Shapeshifting
  1899 | D:3      | Reached XP level 5. HP: 8/44 MP: 5/5
  2826 | D:4      | Noticed a black bear
  2826 | D:4      | Noticed a phantom
  2958 | D:4      | Killed a phantom
  2959 | D:4      | Reached skill level 6 in Shapeshifting
  2959 | D:4      | Reached XP level 6. HP: 43/51 MP: 6/6
  2972 | D:4      | Killed a black bear
  3149 | D:4      | Noticed Pikel
  3168 | D:4      | HP: 1/49 [Pikel/+2 whip of electrocution (18)]
  3170 | D:4      | Killed Pikel
  3171 | D:4      | Reached skill level 8 in Shapeshifting
  3171 | D:4      | Reached XP level 7. HP: 2/57 MP: 7/7
  4064 | D:5      | Entered Level 5 of the Dungeon
  4121 | D:5      | Found a large runed translucent door.
  4121 | D:5      | Found a large runed translucent door.
  4169 | D:5      | Slain by an ogre

Illustrated notes

Levels and vault maps discovered:
D:1:      dpeg_arrival_rooms_a, layout_loops_ring, minmay_lizard_king
D:2:      minmay_inner_zag, layout_loops_cross,
          hellmonk_ecumenical_altar_run_dry
D:3:      layout_loops_ring, kennysheep_cluttered_room, uniq_jessica
D:4:      layout_cave_pods, uniq_pikel
D:5:      nicolae_cairo_tiling_large_dashed, layout_rooms,
          jmf_multi_god_temple2, gammafunk_temple_overflow_pools,
          hangedman_decor_points, minivault_4, uniq_menkaure, uniq_duvessa,
          uniq_blork_the_orc

Skill      XL: |  1  2  3  4  5  6 |
---------------+-------------------+-----
Shapeshifting  | 4 5 6 8 |  8.3
Fighting       | |  1.3
Dodging        | |  1.5
Unarmed Combat | |  3.3

Action                     |  1- 3 |  4- 6 |  7- 9 || total
---------------------------+-------+-------+-------++-------
  Melee: Unarmed           |    27 |    28 |    67 ||   122
         Short sword       |    39 |    48 |       ||    87
Ability: Spit Poison       |    12 |    29 |       ||    41
    Use: Potion            |       |       |     3 ||     3
   Stab: Sleeping          |     1 |     1 |       ||     2
 Armour: Animal skin       |    37 |    38 |       ||    75
         Skin              |       |    24 |    39 ||    63
  Dodge: Dodged            |    29 |    48 |    51 ||   128
   Form: Flux              |       |     1 |       ||     1

Table legend: (Time is in decaauts)
 A = Elapsed time spent in this place.
 B = Non-inter-level travel time spent in this place.
 C = Inter-level travel time spent in this place.
 D = Time resting spent in this place.
 E = Time spent auto-exploring this place.
 F = Levels seen in this place.
 G = Mean time per level.
                   A        B        C        D        E       F      G
               +--------+--------+--------+--------+--------+-----+--------+
         Total |   5271 |   5060 |    211 |    552 |   3873 |   5 | 1054.2 |
       Dungeon |   5271 |   5060 |    211 |    552 |   3873 |   5 | 1054.2 |
               +--------+--------+--------+--------+--------+-----+--------+

Top non-repeatable levels by time:
     D:3: 1587 daAuts
     D:2: 1323 daAuts
     D:1: 1150 daAuts
     D:4: 1082 daAuts
     D:5: 127 daAuts
